 Dungeon Crawl Stone Soup version 0.31-a0-600-g62dffe198b (webtiles) character file.

Game seed: 2937022503061813275

1311 Descartes the Ruffian (level 8, -8/78 HPs)
             Began as a Troll Shapeshifter on Aug 21, 2023.
             Was an Initiate of Gozag.
             Mangled by an orc warrior
             ... wielding a +0 bardiche
              (16 damage)
             ... in a bailey.
             The game lasted 00:08:43 (5155 turns).

Descartes the Ruffian (Troll Shapeshifter)          Turns: 5155, Time: 00:08:44

Health: -8/78      AC:  8    Str: 24    XL:     8   Next: 32%
Magic:  7/7        EV: 10    Int:  6    God:    Gozag
Gold:   742        SH:  0    Dex: 10    Spells: 7/7 levels left

rFire   . .          .
                       - Unarmed
rCold   . . .        (no shield)
rNeg    . . .        a - +0 animal skin
rPois   .            (helmet currently unavailable)
rElec   .            (cloak currently unavailable)
rCorr   .            (gloves unavailable)
SInv    .            (boots unavailable)
Will    .....        (no amulet)
Stlth   +            y - +4 ring of protection
HPRegen 1.13/turn    (no ring)
MPRegen 0.10/turn

%: no passive effects
@: beast-form, gold aura
A: beast (slay +3), large, unfitting armour, claws 3, regeneration 1, shaggy fur
1, tough skin 1
a: Begin Untransformation, Renounce Religion, Potion Petition, Call Merchant,
Bribe Branch


You were in a bailey.
You worshipped Gozag.
Gozag was pleased with you.
You were a hulking beast.
You visited 2 branches of the dungeon, and saw 10 of its levels.
You also visited: Bailey.

You collected 811 gold pieces.
You paid 69 gold pieces to Gozag.

Inventory:

Missiles
 i - a curare-tipped dart
 m - 40 stones (quivered)
 s - 20 poisoned darts
 w - 6 atropa-tipped darts
 G - 5 boomerangs
Armour
 a - a +0 animal skin (worn)
 B - a +1 cloak
Jewellery
 y - a +4 ring of protection (left claw)
Talismans
 c - a beast talisman (active)
 d - a flux talisman
 r - a serpent talisman
Wands
 D - a wand of charming (25)
Scrolls
 g - a scroll of amnesia
 k - 3 scrolls of enchant armour
 l - 2 scrolls of blinking
 n - 2 scrolls of enchant weapon
 o - a scroll of fog
 v - a scroll of fear
 A - 2 scrolls of vulnerability
 C - a scroll of silence
 H - a scroll of immolation {unknown}
Potions
 b - 2 potions of lignification
 e - a potion of berserk rage {unknown}
 f - a potion of enlightenment {unknown}
 h - 2 potions of heal wounds {unknown}
 j - a potion of magic {unknown}
 p - a potion of mutation {unknown}
 t - 3 potions of curing
 u - 2 potions of cancellation {unknown}
 x - 11 potions of degeneration
 z - a potion of ambrosia {unknown}
 E - a potion of invisibility {unknown}
 F - a potion of brilliance {unknown}


   Skills:
 + Level 4.1 Fighting
 + Level 4.4 Dodging
 + Level 5.8 Unarmed Combat
 + Level 5.2 Shapeshifting


You had 7 spell levels left.
You didn't know any spells.
Your spell library contained the following spells:

 Spells                   Type           Power      Damage    Failure   Level
 Kiss of Death            Conj/Necr      0%         2d5       45%         1
 Magic Dart               Conj           0%         1d3       45%         1
 Blink                    Tloc           0%         N/A       58%         2
 Call Imp                 Summ           0%         N/A       58%         2
 Mephitic Cloud           Conj/Pois/Air  0%         N/A       83%         3
 Manifold Assault         Tloc           0%         N/A       99%         4
 Passage of Golubria      Tloc           0%         N/A       99%         4
 Silence                  Hex/Air        0%         N/A       100%        5
 Lehudib's Crystal Spear  Conj/Erth      0%         10d2      100%        8


Dungeon Overview and Level Annotations

Branches:
Dungeon (9/15)             Temple (1/1) D:4             Orc (0/2) D:9
 Bailey (1/1)
   Lair: D:8-11

Altars:
Ashenzari
Cheibriados
Dithmenos
Elyvilon
Fedhas
Gozag
Hepliaklqana
Kikubaaqudgha
Makhleb
Nemelex Xobeh
Okawaru
Qazlal
Ru
Sif Muna
Trog
Uskayaw
Vehumet
Wu Jian
Xom
Yredelemnul
Zin

Shops:
D:1 [   D:4 :   D:8 *

Annotations:
D:7 Prince Ribbit


Innate Abilities, Weirdness & Mutations

You are a hulking beast.
Your limbs bulge with bestial killing power. (Slay +3)
You are too large for most types of armour.
You have claws for hands.
Your natural rate of healing is unusually fast.
You are covered in fur. (AC +1)
You have tough skin. (AC +1)


Message History

The orc warrior is severely wounded.
The orc warrior closely misses you. The orc warrior completely misses you.
You closely miss the orc warrior.
The orc warrior is severely wounded.
The orc warrior barely misses you.
The orc warrior hits you with a +0 bardiche!
You claw the orc warrior!
The orc warrior is almost dead.
The orc warrior hits you with a +0 halberd!
The orc warrior hits you with a +0 bardiche.
You are too injured to fight recklessly!
You are too injured to fight recklessly!
You are too injured to fight recklessly!
You are too injured to fight recklessly!
You are too injured to fight recklessly!
You are too injured to fight recklessly!
You are too injured to fight recklessly!
You are too injured to fight recklessly!
You are too injured to fight recklessly!
You are too injured to fight recklessly!
You are too injured to fight recklessly!
Unknown command.
You claw the orc warrior!
The orc warrior is heavily wounded.
The orc warrior hits you with a +0 halberd.
The orc warrior closely misses you.
Unknown command.
You barely miss the orc warrior.
The orc warrior is almost dead.
The orc warrior hits you with a +0 halberd!
* * * LOW HITPOINT WARNING * * *
The orc warrior barely misses you.
Unknown command.
You mangle the orc warrior!!
You kill the orc warrior!
The orc warrior hits you with a +0 bardiche!
* * * LOW HITPOINT WARNING * * *
The orc warrior hits you from afar with a +0 bardiche!
You die...
Your body crumbles into a pile of gold.

# # # ....### ##.
≈..♣♣...♣♣♣ #...
≈..♣......♣♣
#...######.........♣
#...............∩..♣
+.....o............♣
+....$.............♣
#......h........∩..♣
#...######.........♣
#....≈≈≈≈.........♣♣
## ♣.≈≈≈≈..♣....♣♣♣
..≈≈≈≈.....###
.♣≈≈≈≈..♣.##
♣≈≈≈≈≈...#
♣♣≈≈≈≈≈.♣# ♣≈≈≈≈≈♣♣


You could see an orc warrior.

Vanquished Creatures
  3 wargs (D:9)
  An orc warrior (Bailey)
  2 kobold brigands
  2 scorpions
  A wight (D:8)
  4 hounds
  3 jellies
  An orc priest (D:6)
  2 sleepcaps
  2 iguanas
  A gnoll (D:8)
  4 adders
  A shadow imp (D:6)
  An ufetubus (D:4)
  3 worms
  2 dart slugs (D:3)
  12 orcs
  7 endoplasms
  5 giant cockroaches
  12 goblins
  11 hobgoblins
  2 jackals (D:2)
  16 kobolds
  5 quokkas
  11 ball pythons
  11 bats
  5 frilled lizards
  5 rats
135 creatures vanquished.

Notes
Turn   | Place    | Note
-------+----------+-------------------------------------------
     0 | D:1      | Descartes the Troll Shapeshifter began the quest for the
                  | Orb.
     0 | D:1      | Reached XP level 1. HP: 18/18 MP: 0/0
    52 | D:1      | Reached skill level 1 in Fighting
    64 | D:1      | Reached XP level 2. HP: 27/27 MP: 1/1
   106 | D:1      | Found Hestoehu's Armour Boutique.
   143 | D:1      | Found a faded altar of an unknown god.
   162 | D:1      | Got Plato's Collected Works on Unspeakable Ceremonies
   661 | D:1      | Reached XP level 3. HP: 33/33 MP: 2/2
   840 | D:2      | Found a bloodstained altar of Trog.
  1272 | D:2      | Reached XP level 4. HP: 36/42 MP: 3/3
  2193 | D:3      | Reached XP level 5. HP: 49/49 MP: 4/4
  2659 | D:4      | Found a staircase to the Ecumenical Temple.
  2674 | Temple   | Entered the Ecumenical Temple
  2700 | Temple   | Became a worshipper of Gozag Ym Sagoz the Greedy
  3027 | D:4      | Found Yxarphoeh's Vocational Training.
  3411 | D:4      | Reached XP level 6. HP: 8/59 MP: 5/5
  3574 | D:5      | Entered Level 5 of the Dungeon
  4422 | D:6      | Reached XP level 7. HP: 55/67 MP: 6/6
  4928 | D:7      | Noticed Prince Ribbit
  4929 | D:7      | You fall into a shaft and drop 2 floors!
  4933 | D:9      | Found a staircase to the Orcish Mines.
  4951 | D:9      | Reached skill level 5 in Unarmed Combat
  4993 | D:9      | Reached XP level 8. HP: 49/78 MP: 7/7
  5004 | D:8      | Found Yme Emiw's Assorted Antiques.
  5018 | D:8      | Reached skill level 5 in Shapeshifting
  5061 | D:8      | Found a flagged portal.
  5128 | Bailey   | Entered a bailey
  5155 | Bailey   | Mangled by an orc warrior

Illustrated notes

Levels and vault maps discovered:
D:1:      co_arrival_square_in_a_square_in_a_square, layout_basic, serial_shops,
          shop, shapermc_ecumenical_altar_rom_forum
D:2:      layout_basic, basic_altar, minmay_goblin_outpost
D:3:      layout_loops_corners, serial_co_window_serial, co_window_paths_a,
          co_window_cross_1, co_window_corner_a, co_window_of_opportunity_a,
          co_window_of_opportunity_a, co_window_of_opportunity_c,
          co_window_broadway_a, co_window_paths_c, co_window_paths_d,
          co_window_paths_e, glass_columns_b, glass_columns_b,
          chequers_serial_rivers_large_a, minmay_joined_circles
D:4:      layout_cave_pods, minmay_temple_entry_statues, nicolae_shop_vocational
D:5:      layout_loops_ring
D:6:      layout_loops_ring
D:7:      layout_rooms, uniq_prince_ribbit1, uniq_crazy_yiuf_cottage
D:8:      layout_basic, lemuel_crystal_altar, enter_bailey_7, serial_shops,
          shop, nrook_mini_vaults, uniq_psyche
D:9:      layout_rooms, grunt_lair_entry_orc_guard_hut,
          minmay_orc_entry_guard_dogs, minivault_25_ag
Temple:   nicolae_temple_the_god_donut
Bailey:   bailey_polearm_elven_captive_hellmonk, bailey

Skill      XL: |  1  2  3  4  5  6  7  8 |
---------------+-------------------------+-----
Fighting       | 1 2 3 4 |  4.1
Dodging        | 2 3 4 |  4.4
Unarmed Combat | 4 5 |  5.8
Shapeshifting  | 4 5 |  5.2

Action                     |  1- 3 |  4- 6 |  7- 9 || total
---------------------------+-------+-------+-------++-------
  Melee: Unarmed           |    99 |   139 |    86 ||   324
         Punch             |     1 |     1 |     4 ||     6
  Throw: Stone             |       |     1 |       ||     1
    Use: Potion            |       |     2 |       ||     2
         Scroll            |       |       |    10 ||    10
   Stab: Sleeping          |       |     1 |       ||     1
 Armour: Animal skin       |    36 |    37 |    29 ||   102
  Dodge: Dodged            |    56 |    52 |    42 ||   150

Table legend: (Time is in decaauts)
 A = Elapsed time spent in this place.
 B = Non-inter-level travel time spent in this place.
 C = Inter-level travel time spent in this place.
 D = Time resting spent in this place.
 E = Time spent auto-exploring this place.
 F = Levels seen in this place.
 G = Mean time per level.
                   A        B        C        D        E       F      G
               +--------+--------+--------+--------+--------+-----+--------+
         Total |   5128 |   4991 |    137 |     28 |   4162 |  11 |  466.2 |
       Dungeon |   5051 |   4937 |    114 |     28 |   4150 |   9 |  561.2 |
        Temple |     50 |     27 |     23 |      0 |      0 |   1 |   50.0 |
        Bailey |     25 |     25 |      0 |      0 |     12 |   1 |   25.0 |
               +--------+--------+--------+--------+--------+-----+--------+

Top non-repeatable levels by time:
     D:3: 1230 daAuts
     D:4: 860 daAuts
     D:1: 719 daAuts
     D:6: 704 daAuts
     D:2: 699 daAuts
     D:5: 584 daAuts
     D:8: 120 daAuts
     D:9: 71 daAuts
     D:7: 60 daAuts
  Temple: 50 daAuts
  Bailey: 25 daAuts
